 Dungeon Crawl Stone Soup version 0.24-a0-205-g1d96822 (webtiles) character file.

Game seed: 3629158908231244804

7 Goblin1989 the Caller (level 1, -4/13 HPs)
             Began as a Demonspawn Summoner on Mar 27, 2019.
             Slain by a gnoll
             ... wielding a +0 spear
              (9 damage)
             ... on level 1 of the Dungeon on Mar 29, 2019.
             The game lasted 00:01:39 (375 turns).

Goblin1989 the Caller (Demonspawn Summoner)          Turns: 375, Time: 00:01:40

Health: -4/13      AC:  2    Str:  8    XL:     1   Next: 83%
Magic:  1/3        EV: 12    Int: 16    God:
Gold:   11         SH:  0    Dex: 13    Spells: 3/4 levels left

rFire    . . .     SeeInvis .   g - -3 spear (curse)
rCold    . . .     Gourm    .   (no shield)
rNeg     . . .     Faith    .   a - +0 robe
rPois    .         Spirit   .   (no helmet)
rElec    .         Reflect  .   (no cloak)
rCorr    .         Harm     .   (no gloves)
MR       .....                  (no boots)
Stlth    ++........             (no amulet)
HPRegen  0.04/turn              (no ring)
MPRegen  0.08/turn              (no ring)

@: very slightly contaminated
A: no striking features
a: no special abilities


You were on level 1 of the Dungeon.
You were not hungry.

You visited 1 branch of the dungeon, and saw 1 of its levels.

You collected 11 gold pieces.

Inventory:

Hand Weapons
 g - a cursed -3 spear (weapon)
Armour
 a - a +0 robe (worn)
Scrolls
 f - a scroll of random uselessness {unknown}
Comestibles
 e - a ration


   Skills:
 - Level 1.7 Dodging
 - Level 1.7 Stealth
 + Level 2.1 Spellcasting
 * Level 4.2 Summonings


You had 3 spell levels left.
You knew the following spells:

 Your Spells              Type           Power        Failure   Level  Hunger
a - Summon Small Mammal   Summ           ###.         3%          1    #......

Your spell library contained the following spells:

 Spells                   Type           Power        Failure   Level  Hunger
 Call Imp                 Summ           ###.....     5%          2    ###....
 Call Canine Familiar     Summ           ###.....     11%         3    ###....
 Summon Guardian Golem    Hex/Summ       #.......     26%         3    ###....
 Summon Ice Beast         Ice/Summ       #.......     63%         4    #####..
 Summon Lightning Spire   Summ/Air       #.......     63%         4    #####..


Dungeon Overview and Level Annotations

Branches:
Dungeon (1/15)

Altars:


Message History

Welcome back, Goblin1989 the Demonspawn Summoner.
Press ? for a list of commands and other information.
Your bat disappears in a puff of smoke!
Magic restored.
Your rat disappears in a puff of smoke!
Key pressed, stopping explore.
All of the chunks of flesh in your inventory have rotted away.
HP restored.
A leopard gecko comes into view.
Health restored: 13; MP restored: 3
Casting: Summon Small Mammal (safe; 3% risk of failure)
Confirm with . or Enter, or press ? or * to list all spells.
You now have 2/3 mp.
Unknown command.
Casting: Summon Small Mammal (safe; 3% risk of failure)
Confirm with . or Enter, or press ? or * to list all spells.
You now have 1/3 mp.
Unknown command.
Casting: Summon Small Mammal (safe; 3% risk of failure)
Confirm with . or Enter, or press ? or * to list all spells.
The leopard gecko closely misses your rat.
The leopard gecko bites your rat.
Your rat dies!
Your rat's corpse disappears in a puff of smoke!
You now have 0/3 mp.
Casting: Summon Small Mammal (safe; 3% risk of failure)
Confirm with . or Enter, or press ? or * to list all spells.
You don't have enough magic to cast that spell.
Unknown command.
You swap places.
Your bat misses the leopard gecko.
A leopard gecko is nearby!
A leopard gecko is nearby!
A leopard gecko is nearby!
Your bat hits the leopard gecko.
Your bat barely misses the leopard gecko.
The leopard gecko closely misses your bat.
Your rat bites the leopard gecko.
Your bat misses the leopard gecko.
Your rat bites the leopard gecko.
Your rat closely misses the leopard gecko.
Your bat hits the leopard gecko but does no damage.
Your bat hits the leopard gecko. The leopard gecko bites you.
Your rat closely misses the leopard gecko.
Your bat misses the leopard gecko. The leopard gecko closely misses you.
You take 1 damage, and have 12/13 hp.
You completely miss the leopard gecko.
The leopard gecko is severely wounded.
Your bat closely misses the leopard gecko.
Your bat barely misses the leopard gecko.
The leopard gecko barely misses you.
Your rat misses the leopard gecko. You barely miss the leopard gecko.
The leopard gecko is severely wounded.
Your bat hits the leopard gecko.
Your bat closely misses the leopard gecko.
The leopard gecko bites your bat.
Your rat closely misses the leopard gecko.
Your bat hits the leopard gecko.
The leopard gecko dies!
Your rat disappears in a puff of smoke!
Your bat disappears in a puff of smoke!
A gnoll and a kobold come into view.
Health restored: 13; MP restored: 3 The gnoll shouts!
Casting: Summon Small Mammal (safe; 3% risk of failure)
Confirm with . or Enter, or press ? or * to list all spells.
You now have 2/3 mp.
Unknown command.
Casting: Summon Small Mammal (safe; 3% risk of failure)
Confirm with . or Enter, or press ? or * to list all spells.
You miscast Summon Small Mammal.
You are very lightly contaminated with residual magic.
Nothing appears to happen.
You now have 1/3 mp.
Unknown command.
Casting: Summon Small Mammal (safe; 3% risk of failure)
Confirm with . or Enter, or press ? or * to list all spells.
The gnoll hits your rat with a +0 spear!
Your rat dies!
Your rat's corpse disappears in a puff of smoke!
You now have 0/3 mp.
Unknown command.
You swap places.
Your bat hits the gnoll.
Your bat barely misses the gnoll.
Your bat hits the gnoll but does no damage.
The gnoll hits your bat with a +0 spear!
Your bat dies!
Your bat's corpse disappears in a puff of smoke!
The gnoll closely misses you.
You see here a runed spear.
g - a runed spear Wield which item (- for none, * to show all)? (? for menu, Esc to quit)
It sticks to your hand!
g - a cursed -3 spear (weapon)
The gnoll hits you with a +0 spear!
Ouch! That really hurt!
* * * LOW HITPOINT WARNING * * *
You take 9 damage, and have 4/13 hp.
MASSIVE DAMAGE!!
You hit the gnoll but do no damage. The gnoll completely misses you.
You hit the gnoll but do no damage. The gnoll hits you with a +0 spear!
Ouch! That really hurt!
You die... ████████████ █..........█ █..........█ █.█.█.█.█..█ █████

█.......@..████████...
█.█.█.█.█g.......██.█████
██..................[.....
█..█.█.█.█.██████.........
█..........█ █.█..█.█..
█..█.█.█.█.█ █.██.....█
██..........██████.██.█.█.█
..........................█
████████)███████............


You could see a gnoll.

Vanquished Creatures
  A leopard gecko (D:1)
1 creature vanquished.

Vanquished Creatures (collateral kills)
  A dart slug (D:1)
  A leopard gecko (D:1)
  2 hobgoblins (D:1)
  A frilled lizard (D:1)
5 creatures vanquished.

Grand Total: 6 creatures vanquished

Notes
Turn   | Place    | Note
-------+----------+-------------------------------------------
     0 | D:1      | Goblin1989 the Demonspawn Summoner began the quest for the
                  | Orb.
     0 | D:1      | Reached XP level 1. HP: 13/13 MP: 3/3
   175 | D:1      | Upgraded the game from 0.24-a0-203-gf0bc1e9 to
                  | 0.24-a0-205-g1d96822
   375 | D:1      | Slain by a gnoll

Levels and vault maps discovered:
D:1:      dpeg_arrival_three_same_balls, layout_basic, serial_glass,
          glass_columns_a, glass_columns_a, glass_columns_a, glass_columns_a,
          glass_columns_a, glass_columns_a, glass_columns_a, glass_columns_a,
          glass_columns_a, glass_columns_b, glass_columns_a, glass_columns_c,
          glass_columns_c, glass_columns_b, minmay_hexomino_p4

Action                   || total
-------------------------++-------
Melee: Unarmed           ||    17
       Spear             ||     2
 Cast: Summon Small Mamm ||    12
Armor: Robe              ||     1
Dodge: Dodged            ||    17

Table legend:
 A = Non-vault XP
 B = Vault XP
 C = Vault XP percentage of total XP
 D = Non-vault monster count
 E = Vault monster count
 F = Vault count percentage of total count
                 A         B        C        D         E       F
            +---------+---------+-------+---------+---------+-------
      Total |      10 |       0 |   0.0 |       6 |       0 |   0.0
            +---------+---------+-------+---------+---------+-------
        D:1 |      10 |       0 |   0.0 |       6 |       0 |   0.0
            +---------+---------+-------+---------+---------+-------

Levels and vault maps discovered:
D:1:      dpeg_arrival_three_same_balls, layout_basic, serial_glass,
          glass_columns_a, glass_columns_a, glass_columns_a, glass_columns_a,
          glass_columns_a, glass_columns_a, glass_columns_a, glass_columns_a,
          glass_columns_a, glass_columns_b, glass_columns_a, glass_columns_c,
          glass_columns_c, glass_columns_b, minmay_hexomino_p4
